TOP OF THE 1ST |
Kalamazoo Royale with Cheese batting - Pitching for Madison Bombers : RHP Won-min Im
|
Pitching: RHP Won-min Im
|
|
Batting: LHB Bryce Hopkins
|
0-0: Foul Ball, location: 2F 0-1: Foul Ball, location: 2F 0-2: Foul Ball, location: 2F 0-2: Ball 1-2: Ball 2-2: Ground out 4-3 (Groundball, 4M)
|
Batting: RHB Eugenio Lucero
|
0-0: Ball 1-0: Foul Ball, location: 2F 1-1: Ball 2-1: Foul Ball, location: 2F 2-2: Ball 3-2: Base on Balls
|
Batting: LHB Robbie McLaughlin
|
0-0: Ball 1-0: Called Strike 1-1: Called Strike Eugenio Lucero is caught stealing 2nd base 1-2: Foul Ball, location: 2F 1-2: Foul Ball, location: 2F 1-2: Ball 2-2: Ball 3-2: Ground out 1-3 (Groundball, 15S)
|
Top of the 1st over - 0 run(s), 0 hit(s), 0 error(s), 0 left on base; Kalamazoo 0 - Madison 0 |
BOTTOM OF THE 1ST |
Madison Bombers batting - Pitching for Kalamazoo Royale with Cheese : RHP Ron Eager
|
Pitching: RHP Ron Eager
|
|
Batting: LHB Keith Tillman
|
0-0: Ball 1-0: Called Strike 1-1: Ball 2-1: Foul Ball, location: 2F 2-2: Strikes out swinging
|
Batting: RHB Sergio Márquez
|
0-0: Swinging Strike 0-1: Ball 1-1: Fly out, F8 (Flyball, 8LXD)
|
Batting: LHB Seung-chun Mun
|
0-0: SINGLE (Groundball, 34S) (infield hit)
|
Batting: LHB Sixto Cantú
|
0-0: Called Strike 0-1: Ball 1-1: Ball 2-1: Swinging Strike 2-2: Ball 3-2: SINGLE (Groundball, 56D) (infield hit) Seung-chun Mun to second
|
Batting: RHB Vicente Aguirre
|
0-0: Ball 1-0: Ball 2-0: Ball 3-0: Called Strike 3-1: Ground out U3 (Groundball, 3S)
|
Bottom of the 1st over - 0 run(s), 2 hit(s), 0 error(s), 2 left on base; Kalamazoo 0 - Madison 0 |
TOP OF THE 2ND |
Kalamazoo Royale with Cheese batting - Pitching for Madison Bombers : RHP Won-min Im
|
Batting: LHB Stan Hickman
|
0-0: Called Strike 0-1: Ball 1-1: Foul Ball, location: 2F 1-2: Foul Ball, location: 2F 1-2: Foul Ball, location: 2F 1-2: Ball 2-2: Fly out, F8 (Line Drive, 8LS)
|
Batting: RHB Run-ming Zhu
|
0-0: Called Strike 0-1: Ball 1-1: Foul Ball, location: 2F 1-2: Ground out 6-3 (Groundball, 6)
|
Batting: LHB Francisco Torres
|
0-0: Called Strike 0-1: Ground out U3 (Groundball, 3)
|
Top of the 2nd over - 0 run(s), 0 hit(s), 0 error(s), 0 left on base; Kalamazoo 0 - Madison 0 |
BOTTOM OF THE 2ND |
Madison Bombers batting - Pitching for Kalamazoo Royale with Cheese : RHP Ron Eager
|
Batting: LHB John Latham
|
0-0: Ball 1-0: Ball 2-0: Fly out, F7 (Flyball, 78D)
|
Batting: SHB Derek Roach
|
0-0: Ball 1-0: Called Strike 1-1: Ground out 6-3 (Groundball, 6)
|
Batting: LHB Robin Hill
|
0-0: Called Strike 0-1: Bunted foul 0-2: Ball 1-2: Foul Ball, location: 2F 1-2: Ball 2-2: Ball 3-2: Fly out, F8 (Line Drive, 8RD)
|
Bottom of the 2nd over - 0 run(s), 0 hit(s), 0 error(s), 0 left on base; Kalamazoo 0 - Madison 0 |
TOP OF THE 3RD |
Kalamazoo Royale with Cheese batting - Pitching for Madison Bombers : RHP Won-min Im
|
Batting: LHB Ben Moss
|
0-0: Ball 1-0: Called Strike 1-1: Swinging Strike 1-2: Foul Ball, location: 2F 1-2: Strikes out swinging
|
Batting: LHB Jack Hewat
|
0-0: Foul Ball, location: 2F 0-1: Ball 1-1: Swinging Strike 1-2: Ball 2-2: Ball 3-2: Strikes out swinging
|
Batting: SHB Jack Fountain
|
0-0: Ball 1-0: Fly out, F8 (Flyball, 8RD)
|
Top of the 3rd over - 0 run(s), 0 hit(s), 0 error(s), 0 left on base; Kalamazoo 0 - Madison 0 |
BOTTOM OF THE 3RD |
Madison Bombers batting - Pitching for Kalamazoo Royale with Cheese : RHP Ron Eager
|
Batting: RHB Edward Franks
|
0-0: Ground out 5-3 (Groundball, 5S)
|
Batting: LHB Keith Tillman
|
0-0: Ball 1-0: Ground out 4-3 (Groundball, 4)
|
Batting: RHB Sergio Márquez
|
0-0: Called Strike 0-1: Ball 1-1: Ball 2-1: Foul Ball, location: 2F 2-2: Ball 3-2: Fly out, F4 (Popup, 4)
|
Bottom of the 3rd over - 0 run(s), 0 hit(s), 0 error(s), 0 left on base; Kalamazoo 0 - Madison 0 |
TOP OF THE 4TH |
Kalamazoo Royale with Cheese batting - Pitching for Madison Bombers : RHP Won-min Im
|
Batting: LHB Bryce Hopkins
|
0-0: Ball 1-0: SINGLE (Line Drive, 34)
|
Batting: RHB Eugenio Lucero
|
0-0: Called Strike 0-1: Ball 1-1: Swinging Strike 1-2: Ball 2-2: Ball 3-2: Fly out, F9 (Flyball, 9LM)
|
Batting: LHB Robbie McLaughlin
|
0-0: Ball 1-0: Ball 2-0: Ball 3-0: Base on Balls Bryce Hopkins to second
|
Batting: LHB Stan Hickman
|
0-0: Ball 1-0: Foul Ball, location: 2F 1-1: Ground out U3 (Groundball, 3S) Bryce Hopkins to third Robbie McLaughlin to second
|
Batting: RHB Run-ming Zhu
|
0-0: Fly out, F8 (Flyball, 8LM)
|
Top of the 4th over - 0 run(s), 1 hit(s), 0 error(s), 2 left on base; Kalamazoo 0 - Madison 0 |
BOTTOM OF THE 4TH |
Madison Bombers batting - Pitching for Kalamazoo Royale with Cheese : RHP Ron Eager
|
Batting: LHB Seung-chun Mun
|
0-0: Ball 1-0: Swinging Strike 1-1: Ball 2-1: Swinging Strike 2-2: Strikes out swinging
|
Batting: LHB Sixto Cantú
|
0-0: Ball 1-0: Ground out 6-3 (Groundball, 6)
|
Batting: RHB Vicente Aguirre
|
0-0: Ball 1-0: Called Strike 1-1: DOUBLE (Line Drive, 9LD)
|
Batting: LHB John Latham
|
0-0: Ball 1-0: Foul Ball, location: 2F 1-1: Ball 2-1: Foul Ball, location: 2F 2-2: Foul Ball, location: 2F 2-2: Ball 3-2: Ground out U3 (Groundball, 3)
|
Bottom of the 4th over - 0 run(s), 1 hit(s), 0 error(s), 1 left on base; Kalamazoo 0 - Madison 0 |
TOP OF THE 5TH |
Kalamazoo Royale with Cheese batting - Pitching for Madison Bombers : RHP Won-min Im
|
Batting: LHB Francisco Torres
|
0-0: Ball 1-0: Swinging Strike 1-1: Called Strike 1-2: Ball 2-2: Ball 3-2: Fly out, F5 (Popup, 5F)
|
Batting: LHB Ben Moss
|
0-0: Ball 1-0: Ball 2-0: Foul Ball, location: 2F 2-1: Foul Ball, location: 2F 2-2: Foul Ball, location: 2F 2-2: SINGLE (Line Drive, 3D)
|
Batting: LHB Jack Hewat
|
0-0: Ball 1-0: Ball 2-0: Ball 3-0: Base on Balls Ben Moss to second
|
Batting: SHB Jack Fountain
|
0-0: Called Strike 0-1: Ball 1-1: Ball 2-1: Ground out 3-1 (Groundball, 34) Ben Moss to third Jack Hewat to second
|
Batting: LHB Bryce Hopkins
|
0-0: Foul Ball, location: 2F 0-1: Ball 1-1: Fly out, F8 (Flyball, 78XD)
|
Top of the 5th over - 0 run(s), 1 hit(s), 0 error(s), 2 left on base; Kalamazoo 0 - Madison 0 |
BOTTOM OF THE 5TH |
Madison Bombers batting - Pitching for Kalamazoo Royale with Cheese : RHP Ron Eager
|
Batting: SHB Derek Roach
|
0-0: Ball 1-0: Swinging Strike 1-1: Ball 2-1: Ball 3-1: Swinging Strike 3-2: Fly out, F9 (Flyball, 9D)
|
Batting: LHB Robin Hill
|
0-0: Called Strike 0-1: Ground out 5-3 (Groundball, 56S)
|
Batting: RHB Edward Franks
|
0-0: SINGLE (Line Drive, 34)
|
Batting: LHB Keith Tillman
|
0-0: Ball 1-0: SINGLE (Groundball, 34D) Edward Franks to second Runner from 2nd tries for 3rd, SAFE, no throw or cutoff
|
Batting: RHB Sergio Márquez
|
0-0: Ball 1-0: Fly out, F6 (Line Drive, 6M)
|
Bottom of the 5th over - 0 run(s), 2 hit(s), 0 error(s), 2 left on base; Kalamazoo 0 - Madison 0 |
TOP OF THE 6TH |
Kalamazoo Royale with Cheese batting - Pitching for Madison Bombers : RHP Won-min Im
|
Batting: RHB Eugenio Lucero
|
0-0: Called Strike 0-1: Ball 1-1: Swinging Strike 1-2: Foul Ball, location: 2F 1-2: Ball 2-2: SINGLE (Line Drive, 7LS)
|
Batting: LHB Robbie McLaughlin
|
0-0: Ball 1-0: Ball 2-0: SINGLE (Line Drive, 56) Eugenio Lucero to second
|
Batting: LHB Stan Hickman
|
0-0: Called Strike 0-1: Ball 1-1: Foul Ball, location: 2F 1-2: Ball 2-2: Ball 3-2: 3-RUN HOME RUN (Flyball, 9D), Distance : 389 ft
|
Batting: RHB Run-ming Zhu
|
0-0: Called Strike 0-1: Ball 1-1: Swinging Strike 1-2: Strikes out looking
|
Batting: LHB Francisco Torres
|
0-0: Ball 1-0: Swinging Strike 1-1: Foul Ball, location: 2F 1-2: Ground out 6-3 (Groundball, 6M)
|
Batting: LHB Ben Moss
|
0-0: Ball 1-0: Called Strike 1-1: Foul Ball, location: 2F 1-2: Ground out 3-1 (Groundball, 23)
|
Top of the 6th over - 3 run(s), 3 hit(s), 0 error(s), 0 left on base; Kalamazoo 3 - Madison 0 |
BOTTOM OF THE 6TH |
Madison Bombers batting - Pitching for Kalamazoo Royale with Cheese : RHP Ron Eager
|
Batting: LHB Seung-chun Mun
|
0-0: Ball 1-0: Ball 2-0: Foul Ball, location: 2F 2-1: Ball 3-1: Base on Balls
|
Batting: LHB Sixto Cantú
|
0-0: Swinging Strike 0-1: Called Strike 0-2: Grounds into double play, U6-3 (Groundball, 6)
|
Batting: RHB Vicente Aguirre
|
0-0: Ball 1-0: Ground out 5-3 (Groundball, 15S)
|
Bottom of the 6th over - 0 run(s), 0 hit(s), 0 error(s), 0 left on base; Kalamazoo 3 - Madison 0 |
TOP OF THE 7TH |
Kalamazoo Royale with Cheese batting - Pitching for Madison Bombers : RHP Won-min Im
|
Pitching: RHP Bartolo Romo
|
|
Batting: LHB Jack Hewat
|
0-0: Ball 1-0: Ball 2-0: Ball 3-0: Base on Balls
|
Batting: SHB Jack Fountain
|
0-0: Ball 1-0: Sac Bunt - play at first, batter OUT! U3 Jack Hewat to second
|
Batting: LHB Bryce Hopkins
|
0-0: Intentional Walk
|
Batting: RHB Eugenio Lucero
|
0-0: Called Strike 0-1: Ball 1-1: Ball 2-1: Swinging Strike 2-2: Fielders Choice at 2nd, 6-4 (Groundball, 6) Jack Hewat to third
|
Batting: LHB Robbie McLaughlin
|
0-0: DOUBLE (Line Drive, 89M) Jack Hewat scores Eugenio Lucero to third Runner from 3rd tries for Home, throw and OUT!
|
Top of the 7th over - 1 run(s), 1 hit(s), 0 error(s), 1 left on base; Kalamazoo 4 - Madison 0 |
BOTTOM OF THE 7TH |
Madison Bombers batting - Pitching for Kalamazoo Royale with Cheese : RHP Ron Eager
|
Batting: LHB John Latham
|
0-0: Ball 1-0: Ball 2-0: Ball 3-0: Base on Balls
|
Batting: SHB Derek Roach
|
0-0: 2-RUN HOME RUN (Flyball, 9D), Distance : 366 ft
|
Batting: LHB Robin Hill
|
0-0: Ball 1-0: Fly out, F9 (Flyball, 9D)
|
Batting: RHB Edward Franks
|
0-0: Ball 1-0: Ball 2-0: Ground out 5-3 (Groundball, 56S)
|
Batting: LHB Keith Tillman
|
0-0: Ball 1-0: Foul Ball, location: 2F 1-1: Ball 2-1: Ball 3-1: Base on Balls
|
Batting: RHB Sergio Márquez
|
0-0: Called Strike Keith Tillman steals 2nd base 0-1: Ball 1-1: Ball 2-1: Ground out 4-3 (Groundball, 4M)
|
Bottom of the 7th over - 2 run(s), 1 hit(s), 0 error(s), 1 left on base; Kalamazoo 4 - Madison 2 |
TOP OF THE 8TH |
Kalamazoo Royale with Cheese batting - Pitching for Madison Bombers : RHP Bartolo Romo
|
Batting: LHB Stan Hickman
|
0-0: Ground out 4-3 (Groundball, 4)
|
Batting: RHB Run-ming Zhu
|
0-0: Ball 1-0: Foul Ball, location: 2F 1-1: Ball 2-1: Foul Ball, location: 2F 2-2: Foul Ball, location: 2F 2-2: Ground out 1-3 (Groundball, 15S)
|
Batting: LHB Francisco Torres
|
0-0: Foul Ball, location: 2F 0-1: Ball 1-1: Called Strike 1-2: Strikes out looking
|
Top of the 8th over - 0 run(s), 0 hit(s), 0 error(s), 0 left on base; Kalamazoo 4 - Madison 2 |
BOTTOM OF THE 8TH |
Madison Bombers batting - Pitching for Kalamazoo Royale with Cheese : RHP Ron Eager
|
Pitching: LHP William Watson
|
|
Batting: LHB Seung-chun Mun
|
0-0: SINGLE (Groundball, 34D)
|
Pitching: RHP Fergus Wakeford
|
|
Batting: LHB Sixto Cantú
|
0-0: Ball 1-0: Ball 2-0: Ball 3-0: SINGLE (Line Drive, 4MD) Seung-chun Mun to second
|
Batting: RHB Vicente Aguirre
|
0-0: Ball 1-0: Grounds into double play, 5-4-3 (Groundball, 56) Seung-chun Mun to third
|
Pitching: LHP Gian-Andrea Nota
|
|
Batting: LHB John Latham
|
0-0: Ball 1-0: Foul Ball, location: 2F 1-1: Called Strike 1-2: Foul Ball, location: 2F 1-2: Strikes out swinging
|
Bottom of the 8th over - 0 run(s), 2 hit(s), 0 error(s), 1 left on base; Kalamazoo 4 - Madison 2 |
TOP OF THE 9TH |
Kalamazoo Royale with Cheese batting - Pitching for Madison Bombers : RHP Bartolo Romo
|
Batting: LHB Ben Moss
|
0-0: Called Strike 0-1: Ground out 4-3 (Groundball, 34)
|
Batting: LHB Jack Hewat
|
0-0: Ground out 4-3 (Groundball, 4M)
|
Batting: SHB Jack Fountain
|
0-0: Ball 1-0: Ball 2-0: Ball 3-0: Called Strike 3-1: Called Strike 3-2: Ground out 4-3 (Groundball, 4)
|
Top of the 9th over - 0 run(s), 0 hit(s), 0 error(s), 0 left on base; Kalamazoo 4 - Madison 2 |
BOTTOM OF THE 9TH |
Madison Bombers batting - Pitching for Kalamazoo Royale with Cheese : LHP Gian-Andrea Nota
|
Pitching: RHP Rikiya Sakurai
|
|
Batting: SHB Derek Roach
|
0-0: Ball 1-0: Ball 2-0: Ball 3-0: Called Strike 3-1: Called Strike 3-2: Foul Ball, location: 2F 3-2: Strikes out swinging
|
Batting: LHB Robin Hill
|
0-0: Called Strike 0-1: Ball 1-1: Foul Ball, location: 2F 1-2: Ground out 5-3 (Groundball, 56)
|
Batting: RHB Edward Franks
|
0-0: Called Strike 0-1: Ball 1-1: Ball 2-1: Ball 3-1: Ground out 6-3 (Groundball, 6M)
|
Bottom of the 9th over - 0 run(s), 0 hit(s), 0 error(s), 0 left on base; Kalamazoo 4 - Madison 2 |
|